 Dungeon Crawl Stone Soup version 0.17-a0-2073-gde5cdba (webtiles) character file.

102456 ololoev the Severer (level 15, -18/149 HPs)
             Began as a Hill Orc Fighter on Oct 15, 2015.
             Was the Champion of Makhleb.
             Shot with a sling bullet of flame by a satyr (27 damage)
             ... on level 3 of the Shoals.
             The game lasted 01:40:50 (11518 turns).

ololoev the Severer (Hill Orc Fighter)             Turns: 11518, Time: 01:40:50

Health: -18/149    AC: 24    Str: 28    XL:     15   Next: 97%
Magic:  26/26      EV: 13    Int:  8    God:    Makhleb [******]
Gold:   927        SH:  0    Dex: 13    Spells: 1 memorised, 17 levels left

rFire  . . .     SeeInvis .     a - +4 battleaxe (venom)
rCold  . . .     Clarity  +     v - +3 scale mail {rPois}
rNeg   . . .     SustAt   .     (no shield)
rPois  +         Gourm    .     B - +0 helmet
rElec  .         Spirit   .     K - +0 cloak
rCorr  .         Warding  .     n - +1 pair of gloves
rMut   .         Stasis   .     Y - +1 pair of boots
MR     +++..                    k - amulet of clarity
Stlth  ..........               N - ring of protection from magic
                                F - ring of protection from magic

@: lethally poisoned (-18 -> -18), very slightly contaminated, extremely
resistant to hostile enchantments, extremely unstealthy
A: rough black scales 1, agile 2, berserk 1, regeneration 1, robust 1, strong 1
a: Minor Destruction, Lesser Servant of Makhleb, Major Destruction, Greater
Servant of Makhleb, Renounce Religion
}: 1/15 runes: gossamer


Innate Abilities, Weirdness & Mutations

You are partially covered in rough black scales (AC +4, Dex -1).
You are very agile. (Dex +4)
You tend to lose your temper in combat.
Your natural rate of healing is unusually fast.
You are robust (+10% HP).
Your muscles are strong. (Str +2)

Inventory:

Hand Weapons
 a - a +4 battleaxe of venom (weapon)
 b - a +1 blowgun
 R - the +5 battleaxe of Tension {holy, MR+}
   (You found it on level 13 of the Dungeon)

   It has been blessed by the Shining One to cause great damage to the undead
   and demons.
   It affects your resistance to hostile enchantments.
 V - a +2 battleaxe of electrocution
Missiles
 o - 19 poisoned needles
 A - 3 curare-tipped needles
 C - 3 throwing nets (quivered)
Armour
 n - a +1 pair of gloves (worn)
 v - a +3 scale mail of poison resistance (worn)
 B - a +0 helmet (worn)
 K - a +0 cloak (worn)
 O - a troll hide
 S - the +1 ring mail of Itunaan {rElec Int+6}
   (You found it on level 14 of the Dungeon)

   It affects your intelligence (+6).
   It insulates you from electricity.
 Y - a +1 pair of boots (worn)
Rods
 q - a +2 lightning rod (9/9)
   (You took it off a minotaur in a labyrinth)
Jewellery
 d - an uncursed ring of ice
 k - an amulet of clarity (around neck)
 r - an uncursed amulet of stasis
 t - an uncursed ring of fire
 u - an uncursed amulet of resist mutation
 x - an uncursed ring of flight
 E - an uncursed ring of sustain attributes
 F - a ring of protection from magic (left hand)
 N - a ring of protection from magic (right hand)
Wands
 y - a wand of digging (11)
 G - a wand of disintegration (4)
 I - a wand of cold (6)
 U - a wand of confusion (25)
 W - a wand of draining (3)
Scrolls
 f - 2 scrolls of immolation
 i - 3 scrolls of teleportation
 s - 8 scrolls of remove curse
 D - a scroll of enchant armour
 M - a scroll of amnesia
 P - 2 scrolls of fear
 T - 2 scrolls of identify
Potions
 c - a potion of cure mutation
 g - a potion of cancellation
 p - 3 potions of flight
 z - 5 potions of curing
 J - 2 potions of brilliance
 Q - a potion of might
 X - a potion of agility
Miscellaneous
 l - a plain deck of changes {the Potion, drawn: 3}
 H - a disc of storms
 L - a phial of floods (inert)
Comestibles
 e - 6 bread rations
 h - a slice of pizza
 j - 2 meat rations
 w - 11 chunks of flesh


   Skills:
 + Level 13.5 Fighting
 * Level 19.2 Axes
 + Level 6.3 Throwing
 + Level 12.1 Armour
 + Level 5.0 Dodging
   Level 3.2 Shields
 + Level 2.1 Spellcasting
 + Level 1.8 Translocations
 * Level 15.5 Invocations
 * Level 6.6 Evocations


You had 17 spell levels left.
You knew the following spells:

 Your Spells              Type           Power        Failure   Level  Hunger
a - Apportation           Tloc           #.........   34%         1    ##.....


You were on level 3 of the Shoals.
You worshipped Makhleb.
Makhleb was exalted by your worship.
You were not hungry.

You visited 6 branches of the dungeon, and saw 33 of its levels.
You also visited: Labyrinth.

You collected 2122 gold pieces.
You spent 1157 gold pieces at shops.

......≈≈≈≈≈≈.).<.[.......≈
#.)c≈≈≈≈≈≈≈((###......≈
#c§(≈≈≈≈≈≈≈..# ...≈≈≈≈
#....≈≈≈....(##....≈..
##...≈(≈....≈≈.........
##..≈≈≈)(.(..≈≈≈.......≈
....)...(##...≈≈≈......≈≈
≈.≈..........≈≈≈≈...≈≈
≈≈≈≈.......@≈≈≈≈≈(≈.≈≈≈
≈≈≈≈≈..≈....≈≈≈≈.≈≈≈.≈≈
≈≈≈≈≈.........≈≈≈≈≈
≈≈≈...###(.$..≈≈≈ ≈≈...#
###...≈≈≈ ≈≈..# #..≈≈≈ ≈
#.≈≈≈ .≈≈≈

Notes
Turn   | Place    | Note
--------------------------------------------------------------
     0 | D:1      | ololoev the Hill Orc Fighter began the quest for the Orb.
     0 | D:1      | Reached XP level 1. HP: 19/19 MP: 1/1
    40 | D:1      | Reached XP level 2. HP: 24/27 MP: 2/2
   171 | D:4      | Noticed Blork the orc
   178 | D:4      | Killed Blork the orc
   178 | D:4      | Reached skill level 4 in Fighting
   178 | D:4      | Reached XP level 3. HP: 12/33 MP: 3/3
   178 | D:4      | Reached XP level 4. HP: 14/40 MP: 4/4
   210 | D:4      | Reached skill level 5 in Axes
   210 | D:4      | Reached XP level 5. HP: 12/47 MP: 5/5
   228 | D:4      | Found Gaxtot's General Store.
   285 | D:4      | Gained mutation: You are weak. (Str -2) [potion of mutation]
   285 | D:4      | Gained mutation: You are partially covered in rough black scales (AC +4, Dex -1). [potion of mutation]
   285 | D:4      | Lost mutation: You are weak. (Str -2) [potion of mutation]
   373 | D:4      | Found Tegug's Book Emporium.
   463 | D:5      | Entered Level 5 of the Dungeon
   476 | D:6      | Noticed a phantom
   528 | D:5      | Found an ancient bone altar of Kikubaaqudgha.
   549 | D:5      | Noticed an ogre
   554 | D:5      | Killed an ogre
   554 | D:5      | Reached skill level 5 in Fighting
   554 | D:5      | Reached skill level 6 in Axes
   554 | D:5      | Reached XP level 6. HP: 54/56 MP: 6/6
   791 | D:4      | Found Yroijumm's Distillery.
   918 | D:5      | Noticed an ogre
   927 | D:5      | Killed an ogre
   927 | D:5      | Reached skill level 7 in Axes
   927 | D:5      | Reached skill level 5 in Armour
  1042 | D:5      | Learned a level 1 spell: Apportation
  1070 | D:5      | Reached XP level 7. HP: 41/61 MP: 7/7
  1236 | D:5      | Found a sparkling altar of Nemelex Xobeh.
  1239 | D:5      | Found a shattered altar of Ashenzari.
  1264 | D:5      | Found a sacrificial altar of Ru.
  1325 | D:5      | Found Ojoxkas's Gadget Emporium.
  1474 | D:6      | Noticed a sky beast
  1519 | D:6      | Killed a phantom
  1601 | D:6      | Noticed Duvessa
  1619 | D:6      | Reached skill level 8 in Axes
  1624 | D:6      | Killed Duvessa
  1653 | D:6      | Found a glowing golden altar of the Shining One.
  1673 | D:6      | Reached XP level 8. HP: 54/70 MP: 8/8
  1839 | D:6      | Noticed Dowan
  1856 | D:6      | Killed Dowan
  1856 | D:6      | Reached skill level 9 in Axes
  1861 | D:6      | Noticed an ogre
  1874 | D:6      | Killed an ogre
  1888 | D:6      | Killed a sky beast
  1888 | D:6      | Reached skill level 1 in Throwing
  1895 | D:6      | Gained mutation: You are robust (+10% HP). [mutagenic meat]
  1896 | D:6      | Gained mutation: You tend to lose your temper in combat. [mutagenic meat]
  1897 | D:6      | Gained mutation: You are agile. (Dex +2) [mutagenic meat]
  1898 | D:6      | Gained mutation: Your muscles are strong. (Str +2) [mutagenic meat]
  1899 | D:6      | Gained mutation: You are very agile. (Dex +4) [mutagenic meat]
  1900 | D:6      | Gained mutation: Your natural rate of healing is unusually fast. [mutagenic meat]
  2028 | D:7      | Noticed a hungry ghost
  2199 | D:9      | Noticed Pikel
  2202 | D:8      | Noticed a cyclops
  2210 | D:8      | Killed a cyclops
  2210 | D:8      | Reached skill level 10 in Axes
  2295 | D:7      | Reached XP level 9. HP: 68/86 MP: 9/9
  2330 | D:7      | Found a staircase to the Ecumenical Temple.
  2341 | D:7      | Found Cikont's General Store.
  2346 | Temple   | Entered the Ecumenical Temple
  2366 | Temple   | Became a worshipper of Makhleb the Destroyer
  2396 | D:7      | Bought a potion of curing for 36 gold pieces
  2521 | D:4      | Bought a potion of berserk rage for 65 gold pieces
  2521 | D:4      | Bought a potion of agility for 52 gold pieces
  2521 | D:4      | Bought a potion of ambrosia for 104 gold pieces
  2653 | D:9      | Found a blossoming altar of Fedhas.
  2755 | D:8      | Reached skill level 11 in Axes
  2827 | D:8      | Reached * piety under Makhleb
  2946 | D:8      | Found Acrualuf's Book Shoppe.
  2997 | D:8      | Found a deep blue altar of Sif Muna.
  3064 | D:8      | Noticed Erica
  3083 | D:8      | Killed Erica
  3083 | D:8      | Reached skill level 12 in Axes
  3083 | D:8      | Reached XP level 10. HP: 57/99 MP: 10/10
  3173 | D:9      | Found a staircase to the Lair.
  3230 | D:10     | Entered Level 10 of the Dungeon
  3343 | D:9      | Noticed a hill giant
  3364 | D:9      | Killed a hill giant
  3495 | D:9      | Killed Pikel
  3631 | D:10     | Reached ** piety under Makhleb
  3664 | D:10     | Reached skill level 1 in Invocations
  3729 | D:10     | Found a staircase to the Orcish Mines.
  3749 | Orc:1    | Entered Level 1 of the Orcish Mines
  3774 | Orc:1    | Reached skill level 13 in Axes
  3899 | Orc:2    | Reached *** piety under Makhleb
  3904 | Orc:3    | Found a roughly hewn altar of Beogh.
  4083 | Orc:2    | Found a bloodstained altar of Trog.
  4253 | Orc:4    | Entered Level 4 of the Orcish Mines
  4253 | Orc:4    | Noticed an orc sorcerer
  4255 | Orc:4    | Noticed a rust devil
  4300 | Orc:4    | Paralysed by an orc sorcerer for 6 turns
  4302 | Orc:4    | Noticed a rust devil
  4385 | Orc:3    | Noticed Cenon's ghost (journeyman VSTm)
  4410 | Orc:3    | Killed Cenon's ghost
  4433 | Orc:3    | Reached **** piety under Makhleb
  4433 | Orc:3    | Reached XP level 11. HP: 72/108 MP: 14/14
  4442 | Orc:3    | Reached skill level 5 in Invocations
  4472 | Orc:3    | Reached skill level 10 in Fighting
  4696 | Orc:4    | Noticed an ettin
  4707 | Orc:4    | Killed an ettin
  4707 | Orc:4    | Reached skill level 14 in Axes
  4723 | Orc:4    | Reached ***** piety under Makhleb
  4742 | Orc:4    | Noticed a sun demon
  4769 | Orc:4    | Killed an orc sorcerer
  4895 | Orc:4    | Found Ruffo's Food Shoppe.
  4899 | Orc:4    | Noticed an orc knight
  5011 | Lair:1   | Entered Level 1 of the Lair of Beasts
  5011 | Lair:1   | Noticed Grum
  5030 | Lair:1   | Killed Grum
  5303 | Lair:3   | Found a staircase to the Shoals.
  5309 | Lair:3   | Reached skill level 15 in Axes
  5366 | Lair:3   | Reached XP level 12. HP: 98/118 MP: 18/18
  5666 | Lair:3   | Found a hole to the Spider Nest.
  5746 | Lair:4   | Reached skill level 10 in Armour
  5895 | Lair:5   | Reached skill level 10 in Invocations
  6020 | Lair:5   | Found a labyrinth entrance.
  6029 | Lab      | Entered a labyrinth
  6277 | Lab      | Noticed a minotaur
  6298 | Lab      | Killed a minotaur
  6298 | Lab      | Reached skill level 16 in Axes
  6558 | Lair:5   | Found a deep blue altar of Sif Muna.
  6793 | Lair:6   | Noticed a five-headed hydra
  6800 | Lair:6   | Killed a five-headed hydra
  6856 | Lair:6   | Reached XP level 13. HP: 114/128 MP: 21/21
  7239 | Orc:4    | Killed an orc knight
  7313 | Orc:4    | Found Omenoh's Food Emporium.
  7340 | Orc:4    | Reached ****** piety under Makhleb
  7379 | Orc:4    | Noticed an orc high priest
  7379 | Orc:4    | Noticed an orc knight
  7379 | Orc:4    | Noticed an orc sorcerer
  7389 | Orc:4    | Killed an orc sorcerer
  7391 | Orc:4    | Killed an orc high priest
  7399 | Orc:4    | Killed an orc knight
  7400 | Orc:4    | Noticed an orc high priest
  7402 | Orc:4    | Killed an orc high priest
  7402 | Orc:4    | Reached skill level 17 in Axes
  7436 | Orc:4    | Noticed an orc knight
  7482 | Orc:4    | Killed an orc knight
  7607 | Orc:4    | Noticed an orc high priest
  7621 | Orc:4    | Killed an orc high priest
  7632 | Orc:4    | Noticed an orc knight
  7649 | Orc:4    | Killed an orc knight
  7666 | Orc:4    | Noticed an orc high priest
  7670 | Orc:4    | Noticed a gelid demonspawn
  7670 | Orc:4    | Killed an orc high priest
  7692 | Orc:4    | Killed a gelid demonspawn
  7696 | Orc:4    | Noticed an orc sorcerer
  7707 | Orc:4    | Killed an orc sorcerer
  7822 | Orc:4    | Noticed an orc high priest
  7827 | Orc:4    | Killed an orc high priest
  7835 | Orc:4    | Reached skill level 1 in Dodging
  7839 | Orc:4    | Noticed an orc sorcerer
  7840 | Orc:4    | Killed an orc sorcerer
  7845 | Orc:4    | Noticed a gelid demonspawn
  7855 | Orc:4    | Killed a gelid demonspawn
  7855 | Orc:4    | Reached skill level 1 in Evocations
  7873 | Orc:4    | Noticed an orc sorcerer
  7879 | Orc:4    | Killed an orc sorcerer
  7880 | Orc:4    | Noticed an infernal demonspawn
  7951 | Orc:4    | Killed an infernal demonspawn
  8063 | Orc:4    | Noticed an orc sorcerer
  8064 | Orc:4    | Noticed an orc high priest
  8076 | Orc:4    | Killed an orc sorcerer
  8079 | Orc:4    | Killed an orc high priest
  8080 | Orc:4    | Found Ydwergho's Antique Weapon Boutique.
  8080 | Orc:4    | Found Weruucs's Gadget Shop.
  8081 | Orc:4    | Found a one-way gate leading to the halls of Pandemonium.
  8085 | Orc:4    | Bought a disc of storms for 300 gold pieces
  8085 | Orc:4    | Bought a phial of floods for 600 gold pieces
  8547 | D:12     | Noticed Harold
  8567 | D:12     | Killed Harold
  8567 | D:12     | Reached XP level 14. HP: 139/139 MP: 23/23
  8868 | D:13     | Noticed Vidiiot's ghost (journeyman HEGl)
  8932 | D:13     | Killed Vidiiot's ghost
  9051 | D:13     | Reached skill level 18 in Axes
  9235 | D:13     | Reached skill level 5 in Throwing
  9360 | D:14     | Found a blossoming altar of Fedhas.
  9492 | D:13     | Got an iridescent battleaxe
  9493 | D:13     | Identified the +5 battleaxe of Tension {holy, MR+} (You found it on level 13 of the Dungeon)
  9580 | D:14     | Got a distressingly furry ring mail
  9591 | D:14     | Identified the +1 ring mail of Itunaan {rElec Int+6} (You found it on level 14 of the Dungeon)
  9841 | D:14     | Found a gate to the Vaults.
 10145 | Spider:1 | Entered Level 1 of the Spider Nest
 10170 | Spider:2 | Noticed an emperor scorpion
 10202 | Spider:2 | Killed an emperor scorpion
 10369 | Spider:3 | Noticed Donald
 10388 | Spider:3 | Killed Donald
 10388 | Spider:3 | Reached XP level 15. HP: 110/148 MP: 25/25
 10409 | Spider:3 | Reached skill level 5 in Evocations
 10564 | Spider:4 | Entered Level 4 of the Spider Nest
 11007 | Spider:4 | Reached skill level 15 in Invocations
 11023 | Spider:4 | Reached skill level 1 in Translocations
 11090 | Spider:4 | Reached skill level 1 in Spellcasting
 11140 | Spider:4 | Reached skill level 19 in Axes
 11177 | Spider:4 | Got a gossamer rune of Zot
 11315 | Shoals:1 | Entered Level 1 of the Shoals
 11315 | Shoals:1 | Noticed Josephine
 11322 | Shoals:1 | Killed Josephine
 11489 | Shoals:2 | Reached skill level 5 in Dodging
 11518 | Shoals:3 | Shot with a sling bullet of flame by a satyr

Dungeon Overview and Level Annotations

Branches:
Dungeon (14/15)            Temple (1/1) D:7            Lair (7/8) D:9
 Shoals (3/4) Lair:3       Spider (4/4) Lair:3          Orc (4/4) D:10
 Vaults (0/5) D:14
  Slime: Lair:6-8       Elf: Orc:3-4

Altars:
Ashenzari
Dithmenos
Fedhas
Gozag
Kikubaaqudgha
Makhleb
Nemelex Xobeh
Okawaru
Ru
Sif Muna
Trog
Vehumet
Xom
Yredelemnul
Zin
The Shining One
Beogh

Shops:
D:4 !:*   D:5 }   D:7 *   D:8 :   Orc:4 %%}

Portals:
Pandemonium: Orc:4


Message History

The faun hits you but does no damage. The faun hits you with a hunting sling!
You see here a sling bullet of flame.
You slice the faun!!
The faun is poisoned.
The faun is heavily wounded.
You closely miss the faun. You slice the satyr!!
The satyr is poisoned.
The satyr is moderately wounded.
The satyr plays a lulling melody on his pipes!
You resist with almost no effort.
Unknown command.
You slash the faun!
The faun is severely wounded.
You slash the satyr!
The satyr is heavily wounded.
You slash the faun!
The faun is poisoned.
The faun is lightly wounded.
The faun points at you and mumbles some strange words.
You resist with almost no effort.
The faun points at you and mumbles some strange words.
You resist with almost no effort.
The satyr shoots a sling bullet of flame.
The sling bullet of flame hits you! The sling bullet of flame burns you!
You slice the faun!!
You kill the faun!
Makhleb accepts your kill.
You feel better.
You hit the satyr.
The satyr is heavily wounded.
You hit the faun.
The faun looks even sicker.
The faun is moderately wounded.
The faun hits you with an uncursed quarterstaff!!
Unknown command.
Drink which item? (? for menu, Esc to quit)
Okay, then.
Read which item? (? for menu, Esc to quit)
Blink to where?
Press: ? - help, Dir - move target cursor You are very lightly contaminated with residual magic.
As you read the scroll of blinking, it crumbles to dust.
The satyr shoots a sling bullet of flame.
The sling bullet of flame hits you!!
You die...

You could see a satyr and a faun (roused).

Vanquished Creatures
  Donald (Spider:3)
  2 ghost moths (Spider:4)
  5 emperor scorpions
  The ghost of Vidiiot the Fencer, a journeyman HEGl of Ashenzari (D:13)
  A merfolk javelineer (Shoals:3)
  An ettin (Orc:4)
  A minotaur (Lab)
  2 vault guards (D:14)
  The ghost of Cenon the Slicer, a journeyman VSTm of Makhleb (Orc:3)
  A merfolk impaler (Shoals:1)
  2 entropy weavers
  2 hydras
  A centaur warrior (D:14)
  Erica (D:8)
  A tengu warrior (D:13)
  A death yak (Lair:7)
  6 orc high priests (Orc:4)
  4 skeletal warriors (D:12)
  A sea snake (Shoals:3)
  2 hill giants
  2 gelid demonspawn (Orc:4)
  An infernal demonspawn (Orc:4)
  A necromancer (D:14)
  Pikel (D:9)
  6 orc sorcerers (Orc:4)
  9 wolf spiders
  3 orc knights (Orc:4)
  4 orb spiders
  2 wizards (D:14)
  5 ugly things
  A water nymph (Shoals:1)
  4 harpies (Shoals:2)
  A griffon (Lair:3)
  A moth of wrath (Spider:4)
  2 fauns (Shoals:3)
  A manticore (Lair:3)
  4 hornets (Spider:4)
  2 cyclopes
  6 spiny frogs
  An orange demon (Orc:4)
  3 black mambas
  2 torpor snails
  2 sirens (Shoals:2)
  2 gargoyles
  A hellwing (Orc:4)
  8 demonic crawlers
  4 komodo dragons
  2 trolls
  2 yaktaurs (D:14)
  2 tengu conjurers
  16 jumping spiders
  A merfolk (Shoals:2)
  A troll (shapeshifter) (D:14)
  2 fire drakes (Lair:3)
  2 red devils (Orc:4)
  10 slime creatures
  A snapping turtle (Shoals:2)
  4 wraiths
  14 redbacks
  2 deep elf magi
  A water elemental (Shoals:2)
  9 tarantellas
  7 trapdoor spiders
  18 wolves
  Grum (Lair:1)
  5 hippogriffs
  17 humans (D:14)
  A soldier ant (D:10)
  10 yaks
  A mottled dragon (D:13)
  2 wargs (Orc:3)
  7 water moccasins
  3 porcupines
  Duvessa (D:6)
  17 orc warriors
  19 spiders
  An ice beast (D:5)
  2 black bears
  3 phantoms
  2 sky beasts
  4 slaves (D:9)
  2 wasps
  8 ogres
  3 centaurs
  6 crocodiles
  A big kobold (D:6)
  Blork the orc (D:4)
  6 giant frogs
  Dowan (D:6)
  A wyvern skeleton (D:7)
  5 killer bees (D:13)
  2 quasits (D:14)
  3 centaur zombies
  2 crimson imps
  2 giant frog zombies
  5 hounds
  A jelly (D:13)
  3 centaur skeletons
  16 orc wizards
  2 giant frog skeletons (D:4)
  5 hell rats (Lair:5)
  24 orc priests
  4 worker ants
  5 iguanas
  10 sheep (Lair:2)
  A hound skeleton (D:6)
  A worker ant zombie (D:5)
  3 adders
  9 river rats
  3 shadow imps (D:8)
  An ooze (D:4)
  2 giant geckos
  126 orcs
  A ball python (D:4)
  2 giant cockroaches
  4 goblins
  2 hobgoblins
  5 jackals
  A quokka (D:10)
  5 bats
  2 giant newts
  10 kobolds
  4 rats (D:9)
  7 fungi
  2 plants
615 creatures vanquished.

Vanquished Creatures (collateral kills)
  Josephine (Shoals:1)
  Harold (D:12)
  An orc knight (Orc:4)
  A black mamba (Lair:2)
  A komodo dragon (Lair:2)
  A slime creature (D:10)
  A wraith (Shoals:1)
  2 wargs (Orc:3)
  2 orc warriors (Orc:4)
  An ogre (Orc:4)
  An orc priest (Orc:4)
  2 sheep (Lair:2)
  4 orcs
19 creatures vanquished.

Vanquished Creatures (others)
  2 orcs (D:10)
  A fungus (Lair:5)
3 creatures vanquished.

Grand Total: 637 creatures vanquished

Action                   |  1- 3 |  4- 6 |  7- 9 | 10-12 | 13-15 || total
-------------------------+-------+-------+-------+-------+-------++-------
Melee: War axe           |    22 |    91 |   274 |   101 |       ||   488
       Battleaxe         |       |       |       |   539 |   837 ||  1376
 Fire: Blowgun           |       |       |     5 |    29 |    37 ||    71
Throw: Javelin           |       |       |       |       |     3 ||     3
Invok: Lesser Servant of |       |       |       |    11 |    11 ||    22
       Major Destruction |       |       |       |       |    19 ||    19
       Minor Destruction |       |       |       |       |     5 ||     5
Evoke: Deck              |       |       |     1 |     1 |     1 ||     3
       Wand              |       |       |       |     7 |     8 ||    15
       Rod               |       |       |       |       |    29 ||    29
       Phial of floods   |       |       |       |       |     2 ||     2
  Use: Potion            |     1 |     2 |     4 |     8 |     4 ||    19
       Scroll            |       |       |     8 |     8 |    16 ||    32
 Stab: Invisible         |       |       |     4 |       |    25 ||    29
       Distracted        |       |       |       |     3 |     2 ||     5
  Eat: Chunk             |       |     1 |    12 |    11 |    15 ||    39
       Meat ration       |       |       |     1 |       |     2 ||     3
       Bread ration      |       |       |     1 |       |       ||     1
       Beef jerky        |       |       |       |     1 |       ||     1
       Royal jelly       |       |       |       |     1 |       ||     1

Vault maps used:
D:1:      dpeg_arrival_rhombus, minmay_misc_feat_columns,
          evilmike_ruin_ashenzari
D:2:      old_standard_altar, ecumenical_altar_2
D:3:      lemuel_coloured_pillars_altar, gammafunk_temple_overflow_pools,
          minmay_snake_closets
D:4:      serial_shops, shop, kennysheep_little_box, shop_fountains, shop,
          shop_statue, corexii_checkpoint_b, uniq_blork_the_orc
D:5:      overflow_temple_1_default, nemelex_deck, overflow_temple_1_default,
          kiku_gazebo_garden_becter, first_bread, serial_shops,
          nicolae_shop_window_shopping
D:6:      tso_metal_star, uniq_duvessa
D:7:      wad_river_or_something, minmay_temple_entry_mist, serial_shops, shop,
          nrook_pool_corridor
D:8:      minmay_opposing_rooms, lemuel_crystal_altar, serial_shops, shop,
          uniq_erica
D:9:      lemuel_crystal_altar, due_lair_maze_entry_diamond, uniq_gastronok,
          uniq_pikel
D:10:     hiddenorc1_lemuel, the_bakery, bh_circular_ruins
D:12:     uniq_harold
D:13:     minmay_isolated_rectangles_in_corner, uniq_snorg
D:14:     grunt_vaults_entry_tiered, fedhas_altar_2
Temple:   minmay_temple_bridge_a_8
Lair:1:   serial_bayou_lake_a, uniq_grum
Lair:2:   lemuel_oklob_altar
Lair:3:   minmay_shoals_entry_beasts, nicolae_spider_entry_tight_spaces,
          grunt_megastairs_4
Lair:4:   beast_lair_carwin_large_3
Lair:5:   lightli_volcano_entry_magma_tube, lab_entry_generic, basic_altar,
          pf_torpor_hydra
Lair:7:   serial_bayou_pond_d, ldierk_geyser
Shoals:1: uniq_josephine, uniq_nikola
Shoals:2: hangedman_shoal_volcano
Spider:3: uniq_donald
Spider:4: spider_rune_water
Orc:2:    trog_hazing_becter
Orc:3:    basic_altar, nicolae_orc_pool_cavern, mines5_lemuel
Orc:4:    pf_orc_diabolical
Lab:      labyrinth_spiral, labyrinth_skeletal_remains, lab_block
